 Dungeon Crawl Stone Soup version 0.21.1-1-g345015f (webtiles) character file.

4111 Pyrotika the Nimble (level 10, -4/90 HPs)
             Began as a Minotaur Berserker on July 25, 2018.
             Was an Elder of Trog.
             Slain by a wolf (9 damage)
             ... led by Grum
             ... on level 8 of the Dungeon.
             The game lasted 00:33:56 (9334 turns).

Pyrotika the Nimble (Minotaur Berserker)            Turns: 9334, Time: 00:33:57

Health: -4/90      AC:  4    Str: 21    XL:     10   Next: 6%
Magic:  10/10      EV: 18    Int:  4    God:    Trog [****..]
Gold:   372        SH:  0    Dex: 14    Spells: 11/11 levels left

rFire    . . .     SeeInvis .   s - +2 whip (elec)
rCold    . . .     Gourm    .   (no shield)
rNeg     . . .     Faith    .   B - +0 leather armour
rPois    .         Spirit   .   (helmet restricted)
rElec    .         Reflect  .   C - +0 cloak
rCorr    .         Harm     .   (no gloves)
MR       .....                  (no boots)
Stlth    ++++......             (no amulet)
HPRegen  0.25/turn              q - ring of stealth
MPRegen  0.12/turn              (no ring)

@: about to teleport
A: retaliatory headbutt, horns 2
a: Berserk, Trog's Hand, Brothers in Arms, Burn Spellbooks, Renounce Religion


You were on level 8 of the Dungeon.
You worshipped Trog.
Trog was greatly pleased with you.
You were not hungry.

You visited 1 branch of the dungeon, and saw 8 of its levels.
You also visited: Sewer.

You collected 372 gold pieces.

Inventory:

Hand Weapons
 a - a +1 short sword
 s - a +2 whip of electrocution (weapon)
Armour
 b - a +0 animal skin
 t - a +0 robe
 B - a +0 leather armour (worn)
 C - a +0 cloak (worn)
Jewellery
 e - a -2 ring of protection
 q - a ring of stealth (left hand)
 D - an uncursed ring of ice {unknown}
 G - an uncursed ring of resist corrosion {unknown}
Wands
 p - a wand of disintegration (11)
 F - a wand of acid (6)
Scrolls
 f - 6 scrolls of teleportation
 i - a scroll of enchant armour {unknown}
 u - 3 scrolls of identify {unknown}
 x - 3 scrolls of remove curse
 y - 2 scrolls of fog {unknown}
 A - a scroll of amnesia
 E - a scroll of magic mapping
Potions
 d - 4 potions of mutation {unknown}
 g - 5 potions of curing {unknown}
 h - 2 potions of agility {unknown}
 j - 3 potions of degeneration {unknown}
 k - a potion of lignification {unknown}
 l - 3 potions of invisibility {unknown}
 m - 2 potions of resistance {unknown}
 n - 3 potions of heal wounds {unknown}
 o - 2 potions of haste {unknown}
 r - a potion of cancellation {unknown}
 w - a potion of flight {unknown}
 z - a potion of might {unknown}
Books
 v - a book of Power

   Spells                             Type                      Level
   a - Iskenderun's Battlesphere      Conjuration/Charms           5
   b - Venom Bolt                     Conjuration/Poison           5
   c - Bolt of Magma                  Conjuration/Fire/Earth       5
   d - Iron Shot                      Conjuration/Earth            6
   e - Orb of Destruction             Conjuration                  7
   f - Spellforged Servitor           Conjuration/Summoning        7
   Trog disapproves of the use of such an item.
Comestibles
 c - 12 rations


   Skills:
 + Level 8.5 Fighting
 - Level 6.5 Short Blades
 - Level 5.0 Maces & Flails
 - Level 2.7 Armour
 * Level 9.5 Dodging
 - Level 6.2 Stealth
 - Level 1.0 Spellcasting


You had 11 spell levels left.
You didn't know any spells.

Dungeon Overview and Level Annotations

Branches:
Dungeon (8/15)             Temple (0/1) D:4
   Lair: D:8-11

Altars:
Dithmenos
Elyvilon
Gozag
Okawaru
Ru
Uskayaw
Xom
The Shining One

Annotations:
D:5 Sigmund
D:8 Gastronok, Grum


Innate Abilities, Weirdness & Mutations

You reflexively headbutt those who attack you in melee.
You have a pair of horns on your head.


Message History

* * * LOW HITPOINT WARNING * * *
The wolf completely misses you. The wolf barely misses you.
You furiously retaliate!
You headbutt the wolf. The wolf completely misses you.
The wolf closely misses you. The wolf completely misses you.
The wolf closely misses you. The wolf bites you!
* * * LOW HITPOINT WARNING * * *
The wolf bites you.
* * * LOW HITPOINT WARNING * * *
Grum grunts.
The wolf barely misses you. The wolf completely misses you.
You furiously retaliate!
You headbutt the wolf. The wolf bites you!
* * * LOW HITPOINT WARNING * * *
As you read the scroll of teleportation, it crumbles to dust.
You feel strangely unstable. The wolf completely misses you.
The wolf misses you. You furiously retaliate!
You headbutt the wolf, but do no damage.
The wolf bites you!
You die...

###..###.............###...###
#....# ##..........### #..#
##....#####......)..## .##
#.......####.........## ..#
#.........###....g....# ).####
#.........####(...5..## #......
#.......†...###..yh..# .......
.......∩.....####h5.####.......
................@h.)†()........
....................###........
#...........######### #........
#............# ....[....
##...........# .........
#..........## ..........
#.########## #......... #.
##.....###


You could see Grum, 3 wolves, a killer bee and 2 white imps.

Vanquished Creatures
  Pikel (D:4)
  The ghost of timruff the Chopper, a novice HuBe of Trog (D:5)
  A hippogriff (D:7)
  Menkaure (D:7)
  Duvessa (D:7)
  2 ice beasts (D:8)
  4 slaves
  5 ogres
  2 wolves (D:8)
  2 centaurs
  A crocodile (Sewer)
  A big kobold (D:8)
  A gnoll sergeant (D:5)
  4 bullfrogs
  Dowan (D:7)
  3 scorpions
  11 killer bees
  A centaur zombie (D:5)
  2 hounds
  2 jellies
  An orc priest (D:4)
  A centaur skeleton (D:5)
  2 orc wizards (D:3)
  Crazy Yiuf (D:3)
  A bullfrog skeleton (D:6)
  5 iguanas
  4 worker ants
  A hound zombie (D:7)
  3 gnolls (D:5)
  9 adders
  A river rat (D:5)
  A shadow imp (D:6)
  2 adder zombies (D:7)
  An adder skeleton (D:5)
  3 worms
  3 dart slugs
  5 leopard geckos
  18 orcs
  2 ball pythons
  14 bats
  7 giant cockroaches
  9 goblins
  5 hobgoblins
  10 jackals
  16 kobolds
  4 quokkas
  5 frilled lizards
  A quokka zombie (D:7)
  12 rats
194 creatures vanquished.

Notes
Turn   | Place    | Note
-------+----------+-------------------------------------------
     0 | D:1      | Pyrotika the Minotaur Berserker began the quest for the Orb.
     0 | D:1      | Reached XP level 1. HP: 19/19 MP: 0/0
   223 | D:1      | Reached XP level 2. HP: 23/27 MP: 1/1
   675 | D:2      | Reached ** piety under Trog
   694 | D:2      | Reached XP level 3. HP: 32/33 MP: 2/2
   739 | D:2      | Found a shimmering altar of Xom.
  1330 | D:2      | Reached skill level 3 in Dodging
  1398 | D:2      | Reached XP level 4. HP: 32/41 MP: 3/3
  1621 | D:3      | Found a shadowy altar of Dithmenos.
  1743 | D:3      | Noticed Sigmund
  2170 | D:3      | Reached skill level 1 in Stealth
  2229 | D:3      | Reached *** piety under Trog
  2229 | D:3      | Reached XP level 5. HP: 27/47 MP: 4/4
  2748 | D:3      | Found a faded altar of an unknown god.
  2858 | D:3      | Found a runed door.
  2862 | D:3      | Noticed Crazy Yiuf
  2869 | D:3      | Killed Crazy Yiuf
  2897 | D:4      | Reached skill level 4 in Dodging
  2983 | D:4      | Found a white marble altar of Elyvilon.
  3024 | D:4      | Reached XP level 6. HP: 54/55 MP: 5/5
  3033 | D:4      | Found a staircase to the Ecumenical Temple.
  3180 | D:4      | Reached skill level 5 in Fighting
  3188 | D:4      | Found a sacrificial altar of Ru.
  3213 | D:4      | Reached skill level 5 in Short Blades
  3328 | D:4      | Noticed a slave
  3329 | D:4      | Noticed a slave
  3330 | D:4      | Noticed Pikel
  3331 | D:4      | Noticed a slave
  3333 | D:4      | Noticed a slave
  3384 | D:3      | Killed a slave
  4058 | D:4      | Killed a slave
  4182 | D:4      | Killed a slave
  4196 | D:4      | Killed a slave
  4419 | D:4      | Killed Pikel
  4419 | D:4      | Reached skill level 5 in Dodging
  4419 | D:4      | Reached XP level 7. HP: 49/62 MP: 6/6
  4728 | D:5      | Entered Level 5 of the Dungeon
  4732 | D:5      | Found a hide-covered altar of Uskayaw.
  4732 | D:5      | Noticed a dagger
  4732 | D:5      | Noticed a hand axe
  4741 | D:5      | Reached XP level 8. HP: 63/70 MP: 7/7
  4882 | D:5      | Reached skill level 1 in Maces & Flails
  4882 | D:5      | Reached skill level 6 in Dodging
  4944 | D:5      | Found an iron altar of Okawaru.
  5048 | D:5      | Found an opulent altar of Gozag.
  5431 | D:5      | Reached **** piety under Trog
  5456 | D:5      | Found a glowing drain.
  5472 | Sewer    | Entered a sewer
  5972 | D:5      | Noticed timruff's ghost (novice HuBe)
  5986 | D:5      | Killed timruff's ghost
  5986 | D:5      | Reached skill level 7 in Dodging
  6770 | D:6      | Reached skill level 5 in Maces & Flails
  6813 | D:6      | Found a glowing golden altar of the Shining One.
  7168 | D:7      | Reached XP level 9. HP: 78/78 MP: 8/8
  7642 | D:7      | Reached skill level 5 in Stealth
  7751 | D:7      | Noticed Duvessa
  7751 | D:7      | Noticed Dowan
  7805 | D:7      | Killed Duvessa
  7805 | D:7      | Reached skill level 8 in Dodging
  7816 | D:7      | Killed Dowan
  7880 | D:7      | Noticed Menkaure
  7888 | D:7      | Killed Menkaure
  8911 | D:8      | Noticed Gastronok
  9146 | D:8      | Reached skill level 1 in Spellcasting
  9187 | D:8      | Reached skill level 9 in Dodging
  9249 | D:8      | Found the +3 sling "Punk" {acid, rCorr}
  9269 | D:8      | Reached XP level 10. HP: 81/90 MP: 10/10
  9311 | D:8      | Noticed Grum
  9334 | D:8      | Slain by a wolf

Skill      XL: |  1  2  3  4  5  6  7  8  9 |
---------------+----------------------------+-----
Fighting       | 4 5 6 8 |  8.5
Dodging        | 3 4 5 7 9 |  9.5
Short Blades   | 4 6 |  6.5
Stealth        | 1 3 4 6 |  6.2
Maces & Flails | 5 |  5.0
Spellcasting   | 1 |  1.0
Armour         | |  2.7

Action                   |  1- 3 |  4- 6 |  7- 9 | 10-12 || total
-------------------------+-------+-------+-------+-------++-------
Melee: Short sword       |   104 |   161 |       |       ||   265
       Headbutt          |    15 |    31 |    52 |     2 ||   100
       Whip              |       |       |   253 |    18 ||   271
  Use: Scroll            |       |     6 |     1 |     1 ||     8
 Stab: Sleeping          |     3 |     3 |    13 |       ||    19
       Distracted        |       |     1 |       |       ||     1
  Eat: Chunk             |     2 |     7 |     5 |       ||    14
       Ration            |       |     1 |     3 |       ||     4
Armor: Animal skin       |     1 |     2 |       |       ||     3
       Robe              |       |       |    12 |       ||    12
       Leather armour    |       |       |    19 |       ||    19
Dodge: Dodged            |    67 |   100 |   212 |    23 ||   402
